 Dungeon Crawl Stone Soup version 0.31-a0-331-geda263fcf1 (webtiles) character file.

Game seed: 2367443052230809864

51 Shard1697 the Ruffian (level 3, -3/43 HPs)
             Began as a Draconian Shapeshifter on July 20, 2023.
             Slain by a gnoll
             ... wielding a +3 whip
              (6 damage)
             ... on level 2 of the Dungeon.
             The game lasted 00:00:48 (600 turns).

Shard1697 the Ruffian (Draconian Shapeshifter)       Turns: 600, Time: 00:00:49

Health: -3/43      AC: 21    Str: 17    XL:     3   Next: 58%
Magic:  3/3        EV:  2    Int:  8    God:
Gold:   105        SH:  4    Dex: 13    Spells: 2/2 levels left

rFire   . .          .
                       - Unarmed
rCold   . . .        c - +0 buckler
rNeg    . . .        (body armour unavailable)
rPois   +            (helmet currently unavailable)
rElec   .            (cloak currently unavailable)
rCorr   .            (gloves currently unavailable)
SInv    .            (boots currently unavailable)
Will    .....        (no amulet)
Stlth   +            (no ring)
HPRegen 0.27/turn    (no ring)
MPRegen 0.08/turn

%: no passive effects
@: tree-form
A: stationary, stasis, torment immunity, boosted hp, AC +5, unfitting armour,
(cold-blooded)
a: no special abilities


You were on level 2 of the Dungeon.
You were a tree.
You visited 1 branch of the dungeon, and saw 2 of its levels.

You collected 105 gold pieces.

Inventory:

Armour
 c - a +0 buckler (worn)
Jewellery
 d - a ring of poison resistance
Talismans
 b - a beast talisman
Scrolls
 e - a scroll of poison {unknown}
Potions
 f - 4 potions of berserk rage {unknown}


   Skills:
 - Level 2.1 Fighting
 - Level 1.7 Dodging
 + Level 4.0 Unarmed Combat
 - Level 3.0 Shapeshifting


You had 2 spell levels left.
You didn't know any spells.
Your spell library was empty.

Dungeon Overview and Level Annotations

Branches:
Dungeon (2/15)

Altars:


Innate Abilities, Weirdness & Mutations

You are a tree.
Your roots penetrate the ground, keeping you stationary.
You cannot be teleported.
You are immune to unholy pain and torment.
Your maximum health is greatly increased.
Your equipment is partially melded.
((Your plain brown scales are hard. (AC +5)))
You cannot fit into any form of body armour.
((You are cold-blooded and may be slowed by cold attacks.))


Message History

Okay, then.
The gnoll hits you with a +3 whip. You block the gnoll's attack.
The gnoll hits you with a +0 flail.
Really quaff the potion of lignification?
Your transformation has ended.
You turn into a tree.
Your roots penetrate the ground.
The gnoll hits you but does no damage. You block the gnoll's attack.
The gnoll hits you but does no damage. x2
You closely miss the gnoll. The gnoll hits you with a +3 whip.
The gnoll hits you but does no damage. The gnoll barely misses you.
The gnoll hits you but does no damage.
You barely miss the gnoll. The gnoll barely misses you.
You block the gnoll's attack.
The gnoll hits you but does no damage. x2
You hit the gnoll.
The gnoll is heavily wounded.
The gnoll hits you with a +3 whip!
* * * LOW HITPOINT WARNING * * *
The gnoll hits you with a +0 whip.
* * * LOW HITPOINT WARNING * * *
The gnoll hits you but does no damage. x2
You smack the gnoll!
You kill the gnoll!
The gnoll hits you but does no damage. x3
You hit the gnoll but do no damage.
The gnoll is heavily wounded.
The gnoll hits you but does no damage. You block the gnoll's attack.
The gnoll hits you but does no damage.
You barely miss the gnoll.
The gnoll is heavily wounded.
The gnoll hits you with a +3 whip.
* * * LOW HITPOINT WARNING * * *
The gnoll barely misses you. You block the gnoll's attack.
You smack the gnoll!
You kill the gnoll!
The gnoll hits you but does no damage. You block the gnoll's attack.
Your Unarmed Combat skill increases to level 4!
You smack the gnoll!
The gnoll is almost dead.
The gnoll hits you with a +3 whip.
You die...

.............###.#
.................
.####......#....#
#.........#.....
#.........#.....
#......#####....
###...###.......
##...g......
#..)♣g......
#....)......
#...?....##.
...........'.
...........###.
............
.............
..............


You could see 2 gnolls.

Vanquished Creatures
  2 gnolls (D:2)
  5 bats (D:1)
  3 endoplasms (D:1)
  3 giant cockroaches (D:1)
  2 goblins (D:1)
  3 hobgoblins (D:1)
  3 quokkas (D:1)
  A ball python (D:1)
  2 frilled lizards (D:1)
  3 kobolds (D:1)
  3 rats
30 creatures vanquished.

Notes
Turn   | Place    | Note
-------+----------+-------------------------------------------
     0 | D:1      | Shard1697 the Draconian Shapeshifter began the quest for
                  | the Orb.
     0 | D:1      | Reached XP level 1. HP: 17/17 MP: 1/1
     1 | D:1      | Noticed an octopode
     3 | D:1      | Noticed a gargoyle
     5 | D:1      | Noticed a draconian
     5 | D:1      | Noticed a felid
     7 | D:1      | Noticed an ogre
     7 | D:1      | Noticed a demigod
     9 | D:1      | Noticed a meteoran
     9 | D:1      | Noticed a demonspawn
    11 | D:1      | Noticed a formicid
    11 | D:1      | Noticed a human
    13 | D:1      | Noticed a naga
    13 | D:1      | Noticed a troll
    15 | D:1      | Noticed a tengu
    17 | D:1      | Noticed an armataur
    17 | D:1      | Noticed an elf
    19 | D:1      | Noticed a merfolk
    21 | D:1      | Noticed a spriggan
    23 | D:1      | Noticed a minotaur
    23 | D:1      | Noticed a vine stalker
    25 | D:1      | Noticed a vampire
    25 | D:1      | Noticed an elf
    27 | D:1      | Noticed a felid
    27 | D:1      | Noticed a vampire
    65 | D:1      | Reached XP level 2. HP: 24/24 MP: 2/2
   170 | D:1      | Reached skill level 3 in Unarmed Combat
   434 | D:1      | Reached XP level 3. HP: 25/29 MP: 3/3
   598 | D:2      | HP: 2/43 [gnoll/+3 whip (3)]
   600 | D:2      | Reached skill level 4 in Unarmed Combat
   600 | D:2      | Slain by a gnoll

Illustrated notes

Levels and vault maps discovered:
D:1:      kb_arrival_jail, layout_rooms
D:2:      layout_basic

Skill      XL: |  1  2  3 |
---------------+----------+-----
Unarmed Combat | 3 4 |  4.0
Fighting       | |  2.1
Dodging        | |  1.7
Shapeshifting  | |  3.0

Action                     || total
---------------------------++-------
  Melee: Unarmed           ||    74
         Tailslap          ||     7
         Punch             ||     1
    Use: Potion            ||     1
 Armour: Skin              ||    34
  Dodge: Dodged            ||    44
  Block: Buckler           ||    14

Table legend: (Time is in decaauts)
 A = Elapsed time spent in this place.
 B = Non-inter-level travel time spent in this place.
 C = Inter-level travel time spent in this place.
 D = Time resting spent in this place.
 E = Time spent auto-exploring this place.
 F = Levels seen in this place.
 G = Mean time per level.
                   A        B        C        D        E       F      G
               +--------+--------+--------+--------+--------+-----+--------+
         Total |    604 |    588 |     16 |      0 |    418 |   2 |  302.0 |
       Dungeon |    604 |    588 |     16 |      0 |    418 |   2 |  302.0 |
               +--------+--------+--------+--------+--------+-----+--------+

Top non-repeatable levels by time:
     D:1: 562 daAuts
     D:2: 42 daAuts
